 Dungeon Crawl Stone Soup version 0.28-a0-723-g095bd1b44f (webtiles) character file.

Game seed: 1414178847257258558

350 cheechan the Chopper (level 6, -4/57 HPs)
             Began as a Naga Chaos Knight on Oct 25, 2021.
             Was a Plaything of Xom.
             Slain by an iguana (14 damage)
             ... on level 4 of the Dungeon.
             The game lasted 00:14:05 (3640 turns).

cheechan the Chopper (Naga Chaos Knight)            Turns: 3640, Time: 00:14:05

Health: -4/57      AC:  8    Str: 16    XL:     6   Next: 61%
Magic:  6/6        EV:  9    Int: 16    God:    Xom [....*.]
Gold:   224        SH:  5    Dex: 10    Spells: 5/5 levels left

rFire   . . .      SeeInvis +   s - +1 scythe (vamp)
rCold   + . .      Faith    .   (shield currently unavailable)
rNeg    . . .      Spirit   .   b - +2 leather armour
rPois   +          Reflect  +   (no helmet)
rElec   .          Harm     +   c - +0 cloak
rCorr   .          Rampage  .   w - +0 pair of gloves
Will    .....                   (no barding)
Stlth   ++........              o - amulet "Ziaqeh" {Reflect Harm rPois Int+3 SH+5 Stlth+}
HPRegen 0.19/turn               (no ring)
MPRegen 0.10/turn               (no ring)

@: short of breath, very slow
A: AC +2, large, see invisible, deformed body, poison resistance, slowness 2,
spit poison 1, naga tail 1, claws 1, cold resistance 1
a: Spit Poison, Renounce Religion


You were on level 4 of the Dungeon.
You worshipped Xom.
You were a beloved toy of Xom.
You visited 2 branches of the dungeon, and saw 5 of its levels.
You also visited: Sewer.

You collected 224 gold pieces.

Inventory:

Hand Weapons
 a - a +0 hand axe of chaos
 e - a +2 dagger of venom
 l - a +0 hand axe
 s - a +1 vampiric scythe (weapon)
Missiles
 d - 3 silver javelins
 f - 65 stones
 g - 23 sling bullets
 i - 5 poisoned darts
 m - 18 bolts
 u - 17 arrows
 y - a throwing net
Armour
 b - a +2 leather armour (worn)
 c - a +0 cloak (worn)
 w - a +0 pair of gloves (worn)
Magical Staves
 j - a staff of fire
 t - a staff of air
Jewellery
 o - the amulet "Ziaqeh" (around neck) {Reflect Harm rPois Int+3 SH+5 Stlth+}
   (You acquired it in a sewer)

   [amulet of reflection]

   It reflects blocked missile attacks.
   Int:       It affects your intelligence (+3).
   rPois:     It protects you from poison.
   SH:        It affects your SH (+5).
   Harm:      It increases damage dealt and taken.
   Stlth:     It makes you more stealthy.
Wands
 z - a wand of charming (5)
Scrolls
 q - a scroll of fear
 v - a scroll of magic mapping
 x - a scroll of noise
Potions
 h - a potion of might
 k - a potion of lignification {unknown}
 n - 5 potions of heal wounds
 p - a potion of resistance {unknown}
 r - a potion of mutation {unknown}


   Skills:
 + Level 4.0 Fighting
 + Level 4.6(4.8) Axes
 + Level 1.3(3.2) Polearms
 + Level 3.1 Armour
 + Level 1.9 Dodging
 + Level 1.8 Stealth
 + Level 0.3 Shields


You had 5 spell levels left.
You didn't know any spells.
Your spell library was empty.

Dungeon Overview and Level Annotations

Branches:
Dungeon (4/15)             Temple (1/1) D:4           Sewer (visited)

Altars:
Ashenzari
Dithmenos
Hepliaklqana
Kikubaaqudgha
Makhleb
Nemelex Xobeh
Okawaru
Qazlal
Ru
Uskayaw
Xom
Zin
The Shining One


Innate Abilities, Weirdness & Mutations

Your serpentine skin is tough. (AC +2)
You have supernaturally acute eyesight. (SInv)
Armour fits poorly on your strangely shaped body.
Your system is resistant to poisons. (rPois)
You cover ground very slowly.
You can spit poison.
You have a snake-like lower body.
You have sharp fingernails.
Your flesh is cold resistant. (rC+)


Message History

The hound is severely wounded.
The hound barely misses you. The hound closely misses you. The hound bites you.
You block the iguana's attack.
You slash the adder!
You kill the adder!
You are now a beloved toy of Xom.
The hound bites you.
The goblin shoots a stone.
You reflect the stone off an invisible shield around you!
The stone hits the goblin.
You kill the goblin!
The hound barely misses you.
The iguana bites you but does no damage.
The hound bites you.
You closely miss the hound.
The hound is severely wounded.
The hound closely misses you.
The iguana bites you but does no damage.
You block the hound's attack. The iguana bites you.
You hit the hound.
You kill the hound!
The iguana bites you! x2
* * * LOW HITPOINT WARNING * * *
Your Fighting skill increases to level 4!
Abil: Spit Poison
Press: ? - help, Q - select action, (/) - cycle Shift-Dir - straight line, f - iguana
Aim: an iguana The splash of poison hits the iguana.
The iguana is poisoned.
The iguana is lightly wounded.
The iguana barely misses you.
You hit the iguana but do no damage.
The iguana is lightly wounded.
The iguana bites you.
* * * LOW HITPOINT WARNING * * *
The iguana barely misses you.
You barely miss the iguana.
The iguana is heavily wounded.
The iguana bites you.
* * * LOW HITPOINT WARNING * * *
The iguana bites you!
You die...

..########..#
..#..##..#..# #........
.)'......'..# #........
..##8..8##..# #........
...##..###### #........
...##..###### #........
#####..#....# #.w..?...
#...#..#....# #†l....).
....#..#....####@.......
#.####'#....#...........
.......'....#...#+######
.#######....#...# .
#....'8..+ . #....#>..#
. #....#8..# .
##+#.#...# . #.#...#


You could see a worm and an iguana (poisoned).

Vanquished Creatures
  A killer bee (D:2)
  A hound (D:4)
  An iguana (D:4)
  An orc wizard (D:2)
  5 adders
  A shadow imp (D:3)
  An adder skeleton (D:4)
  A worm (D:2)
  3 dart slugs
  2 orcs (D:3)
  5 endoplasms
  5 giant cockroaches
  5 goblins
  7 hobgoblins
  12 jackals
  6 quokkas
  8 ball pythons
  4 bats (D:1)
  7 frilled lizards
  10 kobolds
  7 rats
93 creatures vanquished.

Vanquished Creatures (collateral kills)
  2 orc priests (D:2)
  2 orcs (D:2)
4 creatures vanquished.

Vanquished Creatures (others)
  A human (D:3)
  30 plants (Sewer)
31 creatures vanquished.

Grand Total: 128 creatures vanquished

Notes
Turn   | Place    | Note
-------+----------+-------------------------------------------
     0 | D:1      | cheechan the Naga Chaos Knight began the quest for the Orb.
     0 | D:1      | Reached XP level 1. HP: 21/21 MP: 1/1
    84 | D:1      | XOM: silly message
   222 | D:1      | Reached XP level 2. HP: 17/28 MP: 2/2
   364 | D:2      | XOM: silly message
   640 | D:2      | Reached XP level 3. HP: 19/34 MP: 3/3
   874 | D:2      | Reached skill level 1 in Dodging
   962 | D:1      | XOM: 1-stop teleportation journey
  1004 | D:1      | XOM: god gift: 18 stones
  1237 | D:1      | Reached XP level 4. HP: 39/42 MP: 4/4
  1554 | D:2      | XOM: polymorph ball python -> killer bee
  1555 | D:2      | XOM: cast spell 'Olgreb's Toxic Radiance'
  1559 | D:2      | Reached XP level 5. HP: 48/49 MP: 5/5
  1806 | D:2      | XOM: summons 4 friendly demons
  1938 | D:3      | Found a glowing drain.
  1965 | Sewer    | Entered a sewer
  2012 | Sewer    | Reached skill level 1 in Stealth
  2082 | Sewer    | Identified a scroll of acquirement
  2082 | Sewer    | Acquired the amulet "Ziaqeh" {Reflect Harm rPois Int+3 SH+5
                  | Stlth+}
  2114 | Sewer    | Reached XP level 6. HP: 52/57 MP: 6/6
  2588 | D:3      | XOM: give mutations
  2588 | D:3      | Gained mutation: You have sharp fingernails. [Xom's grace]
  2588 | D:3      | Gained mutation: Your flesh is cold resistant. (rC+) [Xom's
                  | grace]
  2799 | D:3      | XOM: scenery: summon butterflies
  2846 | D:3      | Found a sacrificial altar of Ru.
  2901 | D:3      | XOM: cloud trail
  2934 | D:3      | Found an ancient bone altar of Kikubaaqudgha.
  2934 | D:3      | Noticed a human
  2936 | D:3      | Killed a human
  2953 | D:3      | Found a shimmering altar of Xom.
  3257 | D:4      | XOM: smoke on damage
  3265 | D:4      | Reached skill level 1 in Polearms
  3298 | D:4      | Found a staircase to the Ecumenical Temple.
  3312 | Temple   | Entered the Ecumenical Temple
  3405 | Temple   | XOM: god gift: wand of charming (5)
  3640 | D:4      | Slain by an iguana

Illustrated notes

Levels and vault maps discovered:
D:1:      dpeg_arrival_chambers_temple_mockup, layout_rooms, minmay_hexomino_p4
D:2:      layout_loops_corners
D:3:      layout_rooms, mainiacjoe_overflow_cross_hatched,
          mainiacjoe_overflow_small_starburst, tgw_kikubaaqudgha,
          portal_sewer_entry_f
D:4:      minmay_chambers_of_twos, layout_basic,
          mainiacjoe_overflow_tiny_flanked, cheibriados_altar_1, temple_statues,
          uniq_edmund, uniq_ijyb
Temple:   dpeg_chambers_temple

Skill      XL: |  1  2  3  4  5  6 |
---------------+-------------------+-----
Armour         | 2 3 |  3.1
Dodging        | 1 |  1.9
Axes           | 4 |  4.6
Stealth        | 1 |  1.8
Polearms       | 1 |  1.3
Fighting       | 4 |  4.0
Shields        | |  0.3

Action                   |  1- 3 |  4- 6 || total
-------------------------+-------+-------++-------
Melee: Hand axe          |   107 |   115 ||   222
       Scythe            |       |    66 ||    66
 Abil: Spit Poison       |     4 |     5 ||     9
  Use: Scroll            |     2 |     6 ||     8
 Stab: Paralysed         |       |     2 ||     2
       Sleeping          |       |     3 ||     3
       Distracted        |       |     1 ||     1
Armor: Leather armour    |    73 |    94 ||   167
Dodge: Dodged            |    79 |    82 ||   161
Block: Other             |       |    39 ||    39
       Reflection        |       |     1 ||     1

Table legend: (Time is in decaauts)
 A = Elapsed time spent in this place.
 B = Non-inter-level travel time spent in this place.
 C = Inter-level travel time spent in this place.
 D = Time resting spent in this place.
 E = Time spent auto-exploring this place.
 F = Levels seen in this place.
 G = Mean time per level.
                   A        B        C        D        E       F      G
               +--------+--------+--------+--------+--------+-----+--------+
         Total |   5155 |   5132 |     23 |    255 |      0 |   6 |  859.2 |
       Dungeon |   3654 |   3654 |      0 |    255 |      0 |   4 |  913.5 |
        Temple |    435 |    412 |     23 |      0 |      0 |   1 |  435.0 |
         Sewer |   1064 |   1064 |      0 |      0 |      0 |   1 | 1064.0 |
               +--------+--------+--------+--------+--------+-----+--------+

Top non-repeatable levels by time:
     D:2: 1682 daAuts
   Sewer: 1064 daAuts
     D:1: 831 daAuts
     D:3: 823 daAuts
  Temple: 435 daAuts
     D:4: 317 daAuts
